 Dungeon Crawl Stone Soup version 0.31-a0-435-g2c6fae2916 (webtiles) character file.

Game seed: 9967331203594065040

522 Maxmaps the Trooper (level 7, 0/47 HPs)
             Began as an Octopode Shapeshifter on Aug 1, 2023.
             Succumbed to a water moccasin's poison
             ... on level 3 of the Dungeon.
             The game lasted 00:04:37 (3126 turns).

Maxmaps the Trooper (Octopode Shapeshifter)         Turns: 3126, Time: 00:04:38

Health: 0/47       AC:  1    Str: 14    XL:     7   Next: 22%
Magic:  7/7        EV: 18    Int: 13    God:
Gold:   192        SH:  0    Dex: 12    Spells: 6/6 levels left

rFire   + .          .
                       - Unarmed
rCold   + + .        (no shield)
rNeg    . . .        (helmet currently unavailable)
rPois   +            (no amulet)
rElec   +            c - ring of wizardry
rCorr   +            p - +5 ring of evasion
SInv    .            (no ring)
Will    .....        (no ring)
Stlth   ++++         (no ring)
HPRegen 0.27/turn    (no ring)
MPRegen 0.10/turn    (no ring)
                     (no ring)

%: wizardry (x1)
@: mighty, brilliant, lethally poisoned (0 -> -2), beast-form, resistant, on
berserk cooldown, slowed, very slow
A: beast (slay +2), almost no armour, amphibious, 8 rings, camouflage 1,
gelatinous body 1, (nimble swimmer 1), tentacles, cold resistance 1, frail 1
a: Begin Untransformation


You were on level 3 of the Dungeon.
You were a hulking beast.
You visited 1 branch of the dungeon, and saw 4 of its levels.
You also visited: Sewer.

You collected 192 gold pieces.

Inventory:

Missiles
 s - a throwing net
Jewellery
 c - a ring of wizardry (left tentacle)
 p - a +5 ring of evasion (right tentacle)
 q - a ring of protection from cold
Talismans
 b - a beast talisman (active)
 d - a blade talisman
 j - a storm talisman
Scrolls
 e - 5 scrolls of noise
 g - a scroll of revelation
 i - a scroll of torment
 k - 2 scrolls of enchant armour
 o - a scroll of teleportation
 t - 2 scrolls of fear
Potions
 a - a potion of lignification
 m - 2 potions of berserk rage
 r - a potion of haste {unknown}


   Skills:
 + Level 6.4 Fighting
 - Level 2.0 Dodging
 - Level 5.0 Stealth
 - Level 3.0 Unarmed Combat
 - Level 3.0 Shapeshifting


You had 6 spell levels left.
You didn't know any spells.
Your spell library was empty.

Dungeon Overview and Level Annotations

Branches:
Dungeon (4/15)              Sewer (visited)
 Temple: D:4-7

Altars:
Nemelex Xobeh
Uskayaw

Annotations:
D:4 Pikel


Innate Abilities, Weirdness & Mutations

You are a hulking beast.
Your limbs bulge with bestial killing power. (Slay +2)
You cannot wear most types of armour.
You are amphibious.
You can wear up to eight rings at the same time.
Your skin changes colour to match your surroundings (Stealth+).
Your rubbery body absorbs attacks. (AC +1, EV +1)
((You are camouflaged when in or above water. (Stealth+)))
You have tentacles for arms and can constrict up to eight enemies at once.
Your flesh is cold resistant. (rC+)
You are frail. (-10% HP)


Message History

The water moccasin poisons you!
You tentacle-slap the water moccasin.
You kill the water moccasin!
* * * LOW HITPOINT WARNING * * *
You feel very sick.
Your Fighting skill increases to level 6!
You have reached level 7!
It was a potion of berserk rage.
A red film seems to cover your vision as you go berserk!
You feel yourself moving faster!
You feel mighty!
* * * LOW HITPOINT WARNING * * *
You feel very sick.
You feel a strong urge to attack something.
* * * LOW HITPOINT WARNING * * *
You feel very sick.
You are too berserk!
You feel sick.
You feel your anger nearly subside.
You feel sick.
You are no longer berserk.
You are exhausted.
You feel yourself slow down.
* * * LOW HITPOINT WARNING * * *
You feel sick.
Unknown command.
It was a potion of mutation.
You feel extremely strange.
You feel frail.
You feel resistant to cold.
* * * LOW HITPOINT WARNING * * *
You feel very sick.
It was a potion of might.
You feel very mighty all of a sudden.
* * * LOW HITPOINT WARNING * * *
You feel sick.
It was a potion of resistance.
You feel protected.
* * * LOW HITPOINT WARNING * * *
You feel sick.
It was a potion of brilliance.
You feel clever all of a sudden.
You die...

#### ###########
#... #......h..#
#.## #.#######.# #.#
#.# #.###########.##
#.#
#####...............
#.#
#.........##.####.#.
#.# #.###..#...#.#
#.#.
#.###.###........#
#...
#..........#...#.#
###.
##.#######.......#
##.


There were no monsters in sight!

Vanquished Creatures
  A water moccasin (D:3)
  2 kobold brigands (Sewer)
  A hound (D:3)
  4 gnolls (D:3)
  10 adders
  3 river rats (Sewer)
  5 worms
  2 dart slugs
  6 orcs (D:3)
  4 endoplasms
  2 giant cockroaches
  2 goblins
  4 hobgoblins
  3 jackals
  11 kobolds
  8 quokkas
  5 ball pythons
  6 bats
  9 frilled lizards
  6 rats
94 creatures vanquished.

Notes
Turn   | Place    | Note
-------+----------+-------------------------------------------
     0 | D:1      | Maxmaps the Octopode Shapeshifter began the quest for the
                  | Orb.
     0 | D:1      | Reached XP level 1. HP: 13/13 MP: 1/1
    18 | D:1      | Found a faded altar of an unknown god.
    45 | D:1      | Reached skill level 1 in Stealth
   168 | D:1      | Reached XP level 2. HP: 18/18 MP: 2/2
   431 | D:1      | Reached XP level 3. HP: 18/23 MP: 3/3
  1274 | D:3      | Reached skill level 5 in Stealth
  1278 | D:3      | Reached XP level 4. HP: 26/28 MP: 4/4
  1327 | D:3      | Reached skill level 2 in Fighting
  1647 | D:3      | Reached skill level 3 in Fighting
  1647 | D:3      | Reached XP level 5. HP: 30/36 MP: 5/5
  1992 | D:3      | Found a sparkling altar of Nemelex Xobeh.
  2077 | D:3      | Found a hide-covered altar of Uskayaw.
  2425 | D:4      | Found a glowing drain.
  2451 | Sewer    | Entered a sewer
  2493 | Sewer    | Noticed a kobold brigand
  2564 | Sewer    | Reached skill level 4 in Fighting
  2657 | Sewer    | Killed a kobold brigand
  2658 | Sewer    | Reached XP level 6. HP: 31/45 MP: 6/6
  2800 | Sewer    | Reached skill level 5 in Fighting
  3092 | D:4      | Noticed a water moccasin
  3096 | D:4      | Noticed Pikel
  3117 | D:3      | Killed a water moccasin
  3118 | D:3      | Reached skill level 6 in Fighting
  3118 | D:3      | Reached XP level 7. HP: 12/53 MP: 7/7
  3123 | D:3      | Gained mutation: You are frail. (-10% HP) [potion of
                  | mutation]
  3123 | D:3      | Gained mutation: Your flesh is cold resistant. (rC+)
                  | [potion of mutation]
  3124 | D:3      | HP: 2/47 [poisoned by a water moccasin]
  3126 | D:3      | Succumbed to a water moccasin's poison

Illustrated notes

Levels and vault maps discovered:
D:1:      ncdulo_wetmaze, layout_rooms, basic_ecumenical_altar,
          nicolae_concentric_dashed_squares_mild
D:2:      layout_loops_ring, ebering_dispersal_statue_hall
D:3:      wad_woods_settlement, layout_loops_corners,
          nicolae_uskayaw_murder_on_the_dancefloor,
          mainiacjoe_overflow_boulevard, dreamdust_princess_bridge
D:4:      lemuel_castle_with_subvaults [lemuel_castle_interior_carwin_1],
          layout_cave_pods, serial_shops, shop, cheibrodos_sewer_entry_sluice,
          minmay_misc_feat_five, uniq_pikel

Skill      XL: |  1  2  3  4  5  6 |
---------------+-------------------+-----
Stealth        | 2 3 5 |  5.0
Fighting       | 3 4 6 |  6.4
Dodging        | |  2.0
Unarmed Combat | |  3.0
Shapeshifting  | |  3.0

Action                     |  1- 3 |  4- 6 |  7- 9 || total
---------------------------+-------+-------+-------++-------
  Melee: Unarmed           |    54 |   127 |       ||   181
         Tentacles         |     9 |    31 |       ||    40
         Constrict         |    14 |    30 |       ||    44
         Punch             |     2 |     4 |       ||     6
    Use: Scroll            |       |    10 |       ||    10
         Potion            |       |       |     5 ||     5
   Stab: Sleeping          |    12 |    21 |       ||    33
 Armour: Skin              |     2 |     4 |       ||     6
  Dodge: Dodged            |    24 |    58 |       ||    82

Table legend: (Time is in decaauts)
 A = Elapsed time spent in this place.
 B = Non-inter-level travel time spent in this place.
 C = Inter-level travel time spent in this place.
 D = Time resting spent in this place.
 E = Time spent auto-exploring this place.
 F = Levels seen in this place.
 G = Mean time per level.
                   A        B        C        D        E       F      G
               +--------+--------+--------+--------+--------+-----+--------+
         Total |   3114 |   3023 |     91 |    105 |   2264 |   5 |  622.8 |
       Dungeon |   2541 |   2450 |     91 |     67 |   1932 |   4 |  635.2 |
         Sewer |    573 |    573 |      0 |     38 |    332 |   1 |  573.0 |
               +--------+--------+--------+--------+--------+-----+--------+

Top non-repeatable levels by time:
     D:3: 1158 daAuts
     D:2: 730 daAuts
   Sewer: 573 daAuts
     D:1: 527 daAuts
     D:4: 124 daAuts
